 Dungeon Crawl Stone Soup version 0.30-a0-390-g80c34de65d (webtiles) character file.

Game seed: 3244120708493025603

2489 bande the Cleaver (level 9, -9/56 HPs)
             Began as a Gargoyle Fighter on Dec 5, 2022.
             Killed from afar by a steam dragon (11 damage)
             ... with a ball of steam
             ... on level 7 of the Dungeon.
             The game lasted 00:09:32 (6957 turns).

bande the Cleaver (Gargoyle Fighter)                Turns: 6957, Time: 00:09:33

Health: -9/56      AC: 15    Str: 18    XL:     9   Next: 52%
Magic:  0/9        EV:  9    Int:  9    God:
Gold:   292        SH:  5    Dex: 13    Spells: 8/8 levels left

rFire   . . .      SeeInvis .    y - +0 broad axe (drain)
rCold   . . .      Faith    .    c - +0 buckler
rNeg    + . .      Spirit   +    b - +0 scale mail
rPois   ∞          Reflect  .    (helmet restricted)
rElec   +          Harm     .    (no cloak)
rCorr   .          Rampage  .    (no gloves)
Will    .....                    l - +0 pair of boots
Stlth   ..........               h - amulet of guardian spirit
HPRegen 0.29/turn                (no ring)
MPRegen 0.11/turn                (no ring)

@: flying
A: sickness immunity, AC +6, negative energy resistance 1, electricity
resistance, torment resistance 1, petrification resistance, big wings, horns 1,
weak 1
a: no special abilities


You were on level 7 of the Dungeon.
You visited 2 branches of the dungeon, and saw 8 of its levels.

You collected 292 gold pieces.

Inventory:

Hand Weapons
 a - a +0 war axe
 y - a +0 broad axe of draining (weapon)
Armour
 b - a +0 scale mail (worn)
 c - a +0 buckler (worn)
 j - a +0 helmet
 l - a +0 pair of boots (worn)
Jewellery
 e - an amulet of reflection
 h - an amulet of guardian spirit (around neck)
 o - a +6 ring of intelligence
 u - a ring of fire
Wands
 v - a wand of iceblast (20)
 x - a wand of acid (11)
Scrolls
 k - a scroll of silence
 n - 6 scrolls of teleportation
 q - a scroll of magic mapping
 z - a scroll of fog
 A - a scroll of identify
Potions
 d - 2 potions of might
 f - a potion of flight
 g - a potion of ambrosia
 i - 2 potions of haste
 m - a potion of cancellation
 p - a potion of magic {unknown}
 r - 2 potions of heal wounds
 s - a potion of curing {unknown}
 t - a potion of degeneration {unknown}
 w - a potion of invisibility {unknown}


   Skills:
 + Level 6.5 Fighting
 + Level 8.5 Axes
 + Level 7.4 Armour
 + Level 5.1 Shields


You had 8 spell levels left.
You didn't know any spells.
Your spell library contained the following spells:

 Spells                   Type           Power      Damage    Failure   Level
 Necrotise                Necr           0%         1d4       82%         1
 Vampiric Draining        Necr           0%         2d6       99%         3
 Agony                    Necr           0%         N/A       100%        5
 Summon Forest            Summ/Tloc      0%         N/A       100%        5
 Summon Mana Viper        Hex/Summ       0%         N/A       100%        5
 Summon Cactus Giant      Summ           0%         N/A       100%        6


Dungeon Overview and Level Annotations

Branches:
Dungeon (7/15)             Temple (1/1) D:4

Altars:
Ashenzari
Cheibriados
Elyvilon
Fedhas
Gozag
Makhleb
Nemelex Xobeh
Qazlal
Ru
Sif Muna
Trog
Vehumet
Wu Jian
Xom
Yredelemnul
Zin
The Shining One

Annotations:
D:7 5 runed translucent doors, Crazy Yiuf


Innate Abilities, Weirdness & Mutations

You are immune to sickness and miasma.
Your stone body is resilient. (AC +6)
You are immune to poison.
You resist negative energy. (rN+)
You are resistant to electric shocks. (rElec)
You are resistant to unholy torment.
You are immune to petrification.
Your large and strong wings let you fly.
You have a pair of small horns on your head.
You are weak. (Str -2)


Message History

A wight comes into view. It is wielding a +3 short sword.
The orc priest barely misses you.
You hit the ogre.
You kill the ogre!
You closely miss the orc. The steam dragon breathes steam at you.
The ball of steam hits the orc!
The orc dies!
The ball of steam hits you!
The orc priest hits you but does no damage.
You block the wight's attack.
The orc priest hits you but does no damage.
You block the steam dragon's attack. x2
The wight hits you with a +4 spear of freezing.
The wight freezes you. The orc priest closely misses you.
Things that are here:
a +0 giant club; an ogre corpse Unknown command.
You hit the orc priest.
The orc priest is heavily wounded.
You hit the wight but do no damage. You hit the steam dragon.
You drain the steam dragon. You barely miss the wight.
The orc priest calls down the wrath of Beogh upon you.
You struggle to resist.
The wight hits you with a +5 great sword!
* * * LOW HITPOINT WARNING * * *
The steam dragon bites you but does no damage.
You block the steam dragon's attack.
You slash the orc priest! You drain the orc priest.
You kill the orc priest!
You slash the steam dragon! You drain the steam dragon.
You hit the wight but do no damage. You hit the wight.
You block the steam dragon's attack. The steam dragon closely misses you.
The wight hits you with a +5 great sword!
* * * LOW HITPOINT WARNING * * *
You block the wight's attack. The wight hits you but does no damage.
The steam dragon breathes steam at you. The ball of steam hits you!
You die...

#..............##.
#####...............#.
...........#....######
#.#.....##....##.###
###.##..#####........#
###.....### ##...##...
#.........## ##........
....≈≈Dz)..# #..##.#...
....≈≈z@...# #...####..
.....)z.♣♣..#
#..#####.. .##...z.♣
..####..##.#..
#.._.............(....
.......[...#...........
......§§≈. #..#...##...
...##..§≈. #####..##...
... #.. ... ####....
###....


You could see a steam dragon (catching breath, very drained) and 4 wights.

Vanquished Creatures
  Maggie (D:6)
  Sigmund (D:5)
  A wyvern (D:7)
  A water moccasin (D:5)
  Duvessa (D:5)
  A sky beast (D:7)
  An orc warrior (D:7)
  A black bear (D:7)
  2 ogres
  2 necrophages
  A bullfrog (D:6)
  A gnoll sergeant (D:5)
  2 scorpions
  Dowan (D:5)
  2 orc priests
  2 jellies
  7 hounds
  5 iguanas
  2 orc wizards (D:6)
  3 gnolls (D:4)
  11 adders
  A shadow imp (D:6)
  2 white imps
  An ufetubus (D:7)
  3 worms
  4 dart slugs
  16 orcs
  5 endoplasms
  5 giant cockroaches
  10 goblins
  11 hobgoblins
  9 jackals
  10 kobolds
  3 quokkas
  6 ball pythons
  5 bats
  2 rats (D:1)
142 creatures vanquished.

Vanquished Creatures (others)
  A scorpion (D:4)
  4 orcs
  A goblin (D:4)
  A jackal (D:4)
  A kobold (D:4)
  A plant (D:3)
9 creatures vanquished.

Grand Total: 151 creatures vanquished

Notes
Turn   | Place    | Note
-------+----------+-------------------------------------------
     0 | D:1      | bande the Gargoyle Fighter began the quest for the Orb.
     0 | D:1      | Reached XP level 1. HP: 14/14 MP: 1/1
   135 | D:1      | Reached XP level 2. HP: 19/19 MP: 2/2
   773 | D:1      | Reached XP level 3. HP: 22/23 MP: 3/3
   878 | D:2      | Reached skill level 2 in Axes
   909 | D:2      | Gained mutation: You have a pair of small antennae on your
                  | head. [potion of mutation]
   910 | D:2      | Lost mutation: You have a pair of small antennae on your
                  | head. [potion of mutation]
   910 | D:2      | Gained mutation: Your large and strong wings let you fly.
                  | [potion of mutation]
   910 | D:2      | Gained mutation: You are weak. (Str -2) [potion of
                  | mutation]
   910 | D:2      | Gained mutation: You have a pair of small horns on your
                  | head. [potion of mutation]
   991 | D:2      | Reached XP level 4. HP: 29/29 MP: 4/4
  1673 | D:3      | Reached skill level 3 in Axes
  1673 | D:3      | Reached XP level 5. HP: 33/33 MP: 5/5
  2074 | D:3      | Found a white marble altar of Elyvilon.
  2307 | D:4      | Found a staircase to the Ecumenical Temple.
  2317 | Temple   | Entered the Ecumenical Temple
  2906 | D:4      | Reached XP level 6. HP: 30/38 MP: 6/6
  2951 | D:4      | Found a shimmering altar of Xom.
  3017 | D:4      | Reached skill level 4 in Axes
  3779 | D:5      | Entered Level 5 of the Dungeon
  3810 | D:5      | Noticed Sigmund
  3825 | D:5      | Killed Sigmund
  3826 | D:5      | Reached skill level 5 in Armour
  3826 | D:5      | Reached XP level 7. HP: 37/44 MP: 3/7
  4068 | D:5      | Found a sparkling altar of Nemelex Xobeh.
  4155 | D:5      | Noticed Duvessa
  4155 | D:5      | Noticed Dowan
  4168 | D:5      | Killed Duvessa
  4169 | D:5      | Reached skill level 5 in Axes
  4175 | D:5      | Killed Dowan
  4498 | D:5      | Reached skill level 5 in Fighting
  4558 | D:5      | Reached XP level 8. HP: 27/49 MP: 3/8
  4567 | D:5      | Reached skill level 6 in Axes
  5472 | D:6      | Reached skill level 7 in Axes
  5615 | D:6      | Noticed Maggie
  5634 | D:6      | Killed Maggie
  5635 | D:6      | Reached XP level 9. HP: 5/55 MP: 2/9
  6012 | D:6      | Found a burning altar of Makhleb.
  6441 | D:7      | Reached skill level 8 in Axes
  6441 | D:7      | Reached skill level 5 in Shields
  6490 | D:7      | Found a huge runed translucent gate.
  6490 | D:7      | Found a huge runed translucent gate.
  6490 | D:7      | Found a huge runed translucent gate.
  6490 | D:7      | Found a huge runed translucent gate.
  6490 | D:7      | Noticed a polar bear
  6490 | D:7      | Noticed a polar bear
  6490 | D:7      | Noticed a polar bear
  6490 | D:7      | Noticed a polar bear
  6491 | D:7      | Noticed a polar bear
  6491 | D:7      | Noticed a polar bear
  6892 | D:7      | Found a runed translucent door.
  6893 | D:7      | Noticed Crazy Yiuf
  6947 | D:7      | Found an ornate altar of the Wu Jian Council.
  6956 | D:7      | HP: 2/56 [wight/+5 great sword (9)]
  6957 | D:7      | Killed from afar by a steam dragon

Illustrated notes

Levels and vault maps discovered:
D:1:      scummos_arrival_forest, layout_loops_corners,
          minmay_misc_feat_secret_circle
D:2:      layout_loops_cross, kennysheep_path_1, serial_bayou_pond_d,
          minmay_fractal_squares_5
D:3:      layout_basic, lemuel_doored_altar, serial_bayou, serial_bayou_shore_a,
          serial_bayou_pond_a, serial_bayou_pond_b, serial_bayou_crossing,
          serial_bayou_pond_c, st_stairs_13
D:4:      minmay_octagon_keep, layout_basic, xom_confusion_cloud,
          minmay_temple_entry_slanted, serial_co_window_serial,
          co_window_paths_a, co_window_paths_a, co_window_paths_a,
          co_window_of_opportunity_a, co_window_paths_b,
          co_window_of_opportunity_b, co_window_of_opportunity_b,
          co_window_of_opportunity_c, co_window_2corner, co_window_corner_b,
          co_window_2corner, co_window_corner_ca, glass_columns_c,
          glass_columns_b, glass_columns_b, glass_columns_c, minivault_19
D:5:      kennysheep_spiral_hall, layout_loops_ring,
          nemelex_diamond_rough_becter, uniq_sigmund, uniq_duvessa
D:6:      layout_loops_ring, makhleb_grotto_becter, nrook_pool_corridor,
          uniq_maggie
D:7:      lemuel_bear_cage, layout_cave_pools, nicolae_wu_jian_wuxing_cycle,
          minivault_11, uniq_crazy_yiuf_cottage
Temple:   hellmonk_temple_two_chambers

Skill      XL: |  1  2  3  4  5  6  7  8  9 |
---------------+----------------------------+-----
Axes           | 2 3 4 5 7 8 |  8.5
Armour         | 4 5 7 |  7.4
Fighting       | 4 5 6 |  6.5
Shields        | 4 5 |  5.1

Action                   |  1- 3 |  4- 6 |  7- 9 || total
-------------------------+-------+-------+-------++-------
Melee: War axe           |    76 |   205 |   139 ||   420
       Headbutt          |     2 |    32 |    39 ||    73
       Broad axe         |       |       |    70 ||    70
  Use: Scroll            |     3 |    12 |     1 ||    16
       Potion            |     2 |       |       ||     2
Armor: Scale mail        |    54 |   150 |   127 ||   331
Dodge: Dodged            |    33 |   116 |    93 ||   242
Block: Buckler           |    21 |    50 |    52 ||   123

Table legend: (Time is in decaauts)
 A = Elapsed time spent in this place.
 B = Non-inter-level travel time spent in this place.
 C = Inter-level travel time spent in this place.
 D = Time resting spent in this place.
 E = Time spent auto-exploring this place.
 F = Levels seen in this place.
 G = Mean time per level.
                   A        B        C        D        E       F      G
               +--------+--------+--------+--------+--------+-----+--------+
         Total |   7116 |   6906 |    210 |    799 |   4816 |   8 |  889.5 |
       Dungeon |   7087 |   6877 |    210 |    799 |   4806 |   7 | 1012.4 |
        Temple |     29 |     29 |      0 |      0 |     10 |   1 |   29.0 |
               +--------+--------+--------+--------+--------+-----+--------+

Top non-repeatable levels by time:
     D:4: 1502 daAuts
     D:5: 1448 daAuts
     D:6: 1223 daAuts
     D:1: 872 daAuts
     D:2: 832 daAuts
     D:3: 649 daAuts
     D:7: 559 daAuts
  Temple: 29 daAuts
